 Dungeon Crawl Stone Soup version 0.31.0-32-g396128a36d (webtiles) character file.

Game seed: 14551469290556071143

182 adizb the Grave Robber (level 5, -2/28 HPs)
             Began as a Deep Elf Necromancer on Mar 26, 2024.
             Slain by Sigmund
             ... wielding a +0 scythe
              (8 damage)
             ... on level 2 of the Dungeon.
             The game lasted 00:16:28 (2384 turns).

adizb the Grave Robber (Deep Elf Necromancer)       Turns: 2384, Time: 00:16:28

Health: -2/28      AC:  3    Str:  5    XL:     5   Next: 34%
Magic:  10/14      EV: 13    Int: 22    God:
Gold:   201        SH:  0    Dex: 15    Spells: 7/13 levels left

rFire   + . .        w - staff of alchemy
rCold   . . .        (no shield)
rNeg    . . .        a - +0 robe
rPois   +            (no helmet)
rElec   .            (no cloak)
rCorr   .            (no gloves)
SInv    .            r - +0 pair of boots
Will    .....        (no amulet)
Stlth   ++           c - ring of protection from fire
HPRegen 0.24/turn    (no ring)
MPRegen 0.14/turn

%: no passive effects
@: weak-willed, attractive, invisible
A: no striking features
a: no special abilities


You were on level 2 of the Dungeon.
You visited 1 branch of the dungeon, and saw 3 of its levels.

You collected 201 gold pieces.

Inventory:

Hand Weapons
 e - a +0 dagger
Missiles
 q - 12 poisoned darts
Armour
 a - a +0 robe (worn)
 r - a +0 pair of boots (worn)
 t - a +0 buckler
Magical Staves
 d - a staff of cold
 w - a staff of alchemy (weapon)
Jewellery
 c - a ring of protection from fire (left hand)
 p - a ring of ice
Scrolls
 i - 3 scrolls of identify {unknown}
 j - a scroll of fog
 l - 2 scrolls of amnesia
 m - a scroll of noise {unknown}
 o - a scroll of teleportation {unknown}
 s - a scroll of enchant armour {unknown}
Potions
 b - a potion of magic
 f - a potion of haste {unknown}
 g - 2 potions of attraction
 h - a potion of mutation {unknown}
 k - a potion of heal wounds {unknown}
 n - a potion of curing {unknown}
 u - a potion of invisibility
 v - a potion of brilliance {unknown}


   Skills:
 + Level 1.1 Staves
 + Level 4.2 Dodging
 - Level 2.4 Stealth
 + Level 4.7 Spellcasting
 + Level 1.4 Hexes
 + Level 5.9 Necromancy
 + Level 0.0 Evocations


You had 7 spell levels left.
You knew the following spells:

 Your Spells              Type           Power      Damage    Failure   Level
a - Necrotise             Necr           100%       1d9       1%          1
b - Vampiric Draining     Necr           31%        2d8       2%          3
c - Jinxbite              Hex            22%        N/A       9%          2

Your spell library contained the following spells:

 Spells                   Type           Power      Damage    Failure   Level
 Animate Dead             Necr           31%        N/A       9%          4
 Static Discharge         Conj/Air       10%        3-4/arc   16%         2
 Inner Flame              Hex/Fire       8%         N/A       24%         3
 Curse of Agony           Necr           31%        N/A       26%         5
 Stone Arrow              Conj/Erth      10%        3d7       30%         3
 Airstrike                Air            2%         2d(1-17)  71%         4
 Animate Armour           Summ/Erth      10%        N/A       71%         4
 Summon Lightning Spire   Summ/Air       5%         N/A       71%         4
 Yara's Violent Unravell  Hex/Alch       6%         3d5       91%         5
 Irradiate                Conj/Alch      3%         3d12      96%         5
 Enfeeble                 Hex            5%         N/A       100%        7
 Ignition                 Fire           2%         3d3       100%        8
 Lehudib's Crystal Spear  Conj/Erth      2%         10d2      100%        8


Dungeon Overview and Level Annotations

Branches:
Dungeon (3/15)

Altars:

Annotations:
D:2 Sigmund


Message History

Sigmund hits you with a +0 scythe.
You barely miss Sigmund.
Sigmund is moderately wounded.
Sigmund misses you.
Aiming: Vampiric Draining (dangerous; 2% risk of failure)
Press: ? - help, Q - select action, (/) - cycle Shift-Dir - straight line, f/p - Sigmund
Aim: Sigmund, wielding a +0 scythe and wearing a +0 robe (moderately wounded, chance to call a sprite on attack: 53%)
You draw life force from Sigmund!
You feel life coursing into your body.
You hit Sigmund.
Sigmund is severely wounded.
Sigmund mumbles some strange words.
Sigmund flickers and vanishes!
Deactivating autopickup; reactivate with Ctrl-A.
You closely miss something. Something hits you but does no damage.
You closely miss something.
The sprites lose interest in your situation.
You hear some strange, mumbled words.
A magic dart appears from out of thin air!
The magic dart hits you!
You miss something. Something hits you.
You hit something but do no damage. Something barely misses you.
You miss something. Something hits you.
You barely miss something.
Okay, then.
It was a potion of attraction.
You feel attractive to monsters. Something completely misses you.
You completely miss something.
You hear some strange, mumbled words.
A puff of flame appears from out of thin air!
The puff of flame hits you. You resist.
It was a potion of invisibility.
You fade into invisibility!
You hear some strange, mumbled words.
A magic dart appears from out of thin air!
The magic dart hits you.
* * * LOW HITPOINT WARNING * * *
Something is attracted toward you. Something hits you!
You die...

#.....#...................
#.....#.............#.....
#.....#........####.#.....
#######........# #.......
####.##.## ###.....
#.###..## ##......
#.#.....###.......
##.#.....#.........
#.@#....####...###.
##.##...####.......
##{#####..(#..##### #.(#
##..#....... ###ยง####
#.##..##### #......
####.## # #.....########.#
#### #.)...##.......# #...
#.....#..####### #.##


There were no monsters in sight!

Vanquished Creatures
  A hound (D:3)
  An iguana (D:2)
  4 adders
  A dart slug (D:1)
  A ribbon worm (D:2)
  7 ball pythons
  7 bats
  3 endoplasms
  4 giant cockroaches
  2 goblins (D:1)
  3 hobgoblins
  4 jackals (D:3)
  12 kobolds
  3 quokkas
  3 frilled lizards
  22 rats
78 creatures vanquished.

Vanquished Creatures (collateral kills)
  A dart slug (D:1)
  A bat (D:2)
  A quokka (D:3)
  A ball python (D:3)
  A frilled lizard (D:1)
  A kobold (D:2)
  4 rats
10 creatures vanquished.

Grand Total: 88 creatures vanquished

Notes
Turn   | Place    | Note
-------+----------+-------------------------------------------
     0 | D:1      | adizb the Deep Elf Necromancer began the quest for the Orb.
     0 | D:1      | Reached XP level 1. HP: 10/10 MP: 6/6
   241 | D:1      | Reached skill level 5 in Necromancy
   303 | D:1      | Reached XP level 2. HP: 15/15 MP: 4/8
   728 | D:1      | Reached XP level 3. HP: 19/19 MP: 6/10
  1132 | D:2      | Reached XP level 4. HP: 8/24 MP: 3/12
  1188 | D:2      | Learned a level 3 spell: Vampiric Draining
  1197 | D:2      | Noticed Sigmund
  1663 | D:3      | Learned a level 2 spell: Jinxbite
  1938 | D:3      | Reached skill level 1 in Staves
  1938 | D:3      | Reached XP level 5. HP: 20/28 MP: 3/14
  1973 | D:3      | Found a faded altar of an unknown god.
  1976 | D:3      | Reached skill level 1 in Hexes
  2384 | D:2      | Slain by Sigmund

Illustrated notes

Levels and vault maps discovered:
D:1:      dpeg_arrival_arbitrary_b, layout_loops_corners,
          lexackson_kobold_supper
D:2:      layout_rooms, hangedman_abyss_or_decor_stabs, minmay_rat_hole,
          uniq_sigmund
D:3:      layout_basic, dreamdust_ecumenical_altar_hidden_monk_grotto

Skill      XL: |  1  2  3  4  5 |
---------------+----------------+-----
Necromancy     | 5 |  5.9
Dodging        | 3 4 |  4.2
Spellcasting   | 4 |  4.7
Staves         | 1 |  1.1
Hexes          | 1 |  1.4
Stealth        | |  2.4

Action                     |  1- 3 |  4- 6 || total
---------------------------+-------+-------++-------
  Melee: Staff             |    30 |    61 ||    91
  Throw: Dart              |       |     1 ||     1
   Cast: Necrotise         |    58 |    45 ||   103
         Vampiric Draining |       |     2 ||     2
         Jinxbite          |       |     1 ||     1
    Use: Scroll            |     2 |       ||     2
         Potion            |       |     2 ||     2
 Armour: Robe              |    23 |    42 ||    65
  Dodge: Dodged            |    38 |    50 ||    88
